[Event "Bangabandhu Premier Div League 2022"]
[Site "Dhaka"]
[Date "2022.12.10"]
[Round "11.2"]
[White "Pantsulaia, Levan"]
[Black "Mendonca, Leon Luke"]
[Result "1-0"]
[ECO "A13"]
[WhiteElo "2597"]
[BlackElo "2565"]
[Annotator "TA"]
[PlyCount "93"]
[EventDate "2022.11.30"]
[EventType "team-tourn"]
[EventCountry "BAN"]
[SourceTitle "playchess.com"]
[Source "ChessBase"]
[SourceQuality "1"]
[TimeControl "40/5400+30:1800+30"]

1. c4 e6 2. g3 d5 3. Bg2 Nf6 4. Nf3 d4 5. d3 c5 6. e4 {[%emt 0:00:13] A13: English Opening: 1...e6.} Nc6 7. e5 Nd7 8. Qe2 {[%emt 0:00:25] The position is equal.} Qc7 9. Bf4 Ne7 {[%emt 0:03:57] [#]} 10. h4 $146 ({Predecessor:} 10. Nbd2 Ng6 11. h4 Be7 12. h5 Nxf4 13. gxf4 h6 14. O-O-O Rb8 15. Rhg1 b5 16. Bh1 {1-0 (73) Iturrizaga Bonelli,E (2607)-Bluebaum,M (2670) Chess.com INT 2020}) 10... h5 11. Nbd2 Ng6 {[%emt 0:02:14] Prevents b4.} 12. O-O Rb8 13. a3 b6 14. b4 Be7 15. Rab1 (15. Ne4 $11) 15... Bb7 16. Rfe1 Nxf4 (16... Ndf8 $5 ) 17. gxf4 Nf8 18. bxc5 (18. Ng5 $5 ) 18... Ng6 19. cxb6 (19. Nxd4 $2 Nxf4 $19) 19... axb6 20. Ne4 $1 Nxf4 (20... Nxh4 21. Nxh4 (21. Nxd4 Nxg2 22. Kxg2 Kf8 $14) 21... Bxe4 22. Qxe4 $16) 21. Qd2 Nxg2 (21... Ng6 $5 ) 22. Kxg2 Rh6 (22... f5 $5 23. Nd6+ Bxd6 24. exd6 Qxd6 $15) 23. Qb2 ({Better is} 23. Kf1 $11) 23... Rg6+ $15 24. Kf1 Bc5 (24... Ba8 $1 $15) 25. Nfg5 $14 {[%emt 0:07:02] Pair of Knights!} (25. Nxd4 Qd7 26. Nxc5 bxc5 $17) 25... Ke7 26. Nxc5 {[%emt 0:09:00] White is more active.} Qxc5 27. a4 (27. Qxb6 $2 Bg2+ $1 28. Kxg2 Rxb6 $19) ({White should try} 27. Qb4 $16) 27... Kd7 (27... f6 $1 $14 28. exf6+ (28. Qxb6 $2 Bg2+ 29. Kg1 Rxb6 $19) 28... Rxf6) 28. Qd2 (28. Qxb6 $2 Bg2+ $1 29. Kxg2 Rxb6 $19) (28. Qa1 $18) 28... f6 $1 $11 (28... Qc6 29. Qf4 Qg2+ 30. Ke2 Qg4+ 31. Qxg4 hxg4 32. Nxf7 $16) 29. exf6 {[%emt 0:03:45] Qf4 is the strong threat.} gxf6 (29... Qf5 $1 $11 30. Rxe6 (30. Rxb6 gxf6 31. Qb4 Qxd3+ 32. Kg1 Bc6 $11) 30... Rxg5 $1 31. Re7+ Kc8 32. Re8+ (32. Qxg5 Qxd3+ 33. Re2 Qxb1+ $11) (32. hxg5 $2 Qh3+ 33. Ke2 Bf3+ 34. Ke1 Qh1#) 32... Kd7 33. Re7+ (33. Qxg5 $2 Qh3+ 34. Ke2 Rxe8+ 35. Kd2 Qf3 $19) 33... Kc8 34. Qxg5 (34. hxg5 $2 Qh3+ 35. Ke2 Bf3+ 36. Ke1 Qh1#) 34... Qxd3+ 35. Re2 Qxb1+ 36. Re1 Qd3+ 37. Kg1 Bc6 38. fxg7 Kb7) 30. Qf4 $16 Rf8 (30... fxg5 $2 31. Qxb8 Bf3 32. Rxb6 $18 (32. Qxb6 $2 Qxb6 33. Rxb6 gxh4 $19)) 31. Ne4 {[%emt 0:01:44] Dancing on a razor blade.} (31. Rxe6 $2 fxg5 32. Qe5 Rxe6 $19) (31. Nxe6 $2 Bg2+ 32. Ke2 Re8 $19) 31... Qc7 32. Qf3 {[%emt 0:04:13] [#]} (32. Qxc7+ $14 Kxc7 33. c5 bxc5 34. Nxc5 Bg2+ 35. Ke2) 32... Rg4 $2 {[%emt 0:00:28][%mdl 8192] [#] Black cannot hold the game after this.} (32... Ke7 $1 $17 {keeps the pressure on. And now ...Rfg8 would win.} 33. a5 (33. Qxh5 $2 Rfg8 $19) 33... Rg4 34. Rxb6 f5 35. Rxb7 Qxb7) 33. Nc5+ $1 $18 Qxc5 34. Qxb7+ Qc7 35. Qxc7+ (35. Qxb6 Qxb6 36. Rxb6 Re8 $18) 35... Kxc7 36. Rxe6 Rxh4 37. Rbxb6 {[%emt 0:00:23][%mdl 4096] Endgame KRR-KRR} Rh1+ 38. Ke2 {[%emt 0:00:48][%cal Oa4a5] Hoping for a5!} Ra8 {[%emt 0:00:39] Inhibits a5.} (38... Ra1 39. Rec6+ (39. Rxf6 Rxa4 40. Rbe6 Rh8 $18) 39... Kd8 40. Rxf6 Re8+ 41. Kf3 Rxa4) 39. Rec6+ (39. Rxf6 Rxa4 40. c5 Rg1 41. Rf7+ Kc8 42. Rc6+ Kb8 43. Rf8+ Kb7 44. Rb6+ Kc7 45. Rf7+ Kc8 46. Rf8+ Kc7 47. Rf7+ $18) 39... Kd7 40. Rd6+ Kc7 41. Ra6 ({Don't play} 41. Rxf6 Rxa4 42. c5 Ra2+ 43. Kf3 Re1 44. Rf7+ Kc8 45. Rc6+ Kb8) 41... Rh8 $2 (41... Ra1 {was worth a try.} 42. Rdc6+ Kb7 43. Rab6+ Ka7) 42. Rxf6 ({Less strong is} 42. Rxd4 Ra1 43. Rf4 Re8+ 44. Kd2 Ra2+ 45. Kc3 Ra3+ 46. Kb4 Rxd3 47. Rfxf6 Rd1 48. Rf7+ Kb8 49. Rb6+ Kc8 $18) 42... h4 $2 (42... Re8+ 43. Rae6 Rxe6+ 44. Rxe6 h4) 43. Rf7+ Kb8 44. Rb6+ Ka8 45. Rbb7 Rh6 46. Ra7+ Kb8 47. Rae7 {[%emt 0:01:53] Prevents Re6+.   Weighted Error Value: White=0.37/Black=0.50} 1-0

[Event "Bangabandhu Premier Div League 2022"]
[Site "Dhaka"]
[Date "2022.12.10"]
[Round "11.2"]
[White "Chanda, Sandipan"]
[Black "Aradhya, Garg"]
[Result "1/2-1/2"]
[ECO "D02"]
[WhiteElo "2474"]
[BlackElo "2289"]
[Annotator "TA"]
[PlyCount "136"]
[EventDate "2022.12.01"]
[EventCountry "BAN"]
[SourceTitle "playchess.com"]
[Source "ChessBase"]
[SourceQuality "1"]
[TimeControl "40/5400+30:1800+30"]

1. d4 d5 2. Nf3 Nf6 3. Bf4 c5 4. e3 Nc6 5. Nbd2 Nh5 6. dxc5 {[%emt 0:00:13] D02: 1 d4 d5 2 Nf3 sidelines, including 2...Nf6 3 g3 and 2...Nf6 3 Bf4.} Nxf4 7. exf4 g6 8. c3 {[%emt 0:00:08] White is slightly better.} Bh6 9. g3 O-O 10. Bg2 b6 11. Qa4 Qc7 12. cxb6 Qxb6 13. Qb3 {[%emt 0:00:00] [#]} Qc5 $146 ({Predecessor:} 13... Qa5 14. O-O Rb8 15. Qd1 Rxb2 16. Nb3 Qxc3 17. Qxd5 Rd8 18. Rac1 Qxc1 19. Qxd8+ Nxd8 20. Rxc1 Be6 {½-½ (75) Shuvalova,P (2493)-Niemann,H (2656) Chess.com INT 2022}) 14. O-O Rb8 15. Qc2 Bf5 16. Qc1 Qb5 17. Nb3 e5 18. Qd1 exf4 19. Nfd4 Nxd4 20. Nxd4 Qd7 21. Nxf5 Qxf5 22. g4 Qd7 23. Bxd5 Rxb2 24. Qf3 Bg5 25. Rad1 Qc7 26. Bb3 Re8 27. Rd5 Bf6 28. Rfd1 {[%emt 0:00:00] [#] And now Rd7 would win.} Qxc3 (28... Bxc3 $2 29. Rd7 Re1+ 30. Kg2 $18) 29. R5d3 Qe5 30. Rd7 Re7 31. R7d5 {[%emt 0:00:00] [#]} (31. Rxe7 $15 Bxe7 32. Qd5 Qxd5 33. Rxd5) 31... Qe2 $1 $17 32. Qxe2 Rbxe2 (32... Rexe2 $17 33. Rd7 Bh4 34. Bxf7+ Kf8) 33. g5 $11 Be5 34. Rd7 {[%emt 0:00:00] Against f3} Bc7 35. Rxe7 Rxe7 {[%emt 0:00:00][%mdl 4096] Endgame KRB-KRB} 36. Kg2 {[%emt 0:00:00] Prevents f3+.} f3+ 37. Kxf3 Bxh2 38. Rd5 Bc7 39. a4 Kg7 40. a5 f6 41. gxf6+ Kxf6 42. Rb5 h5 43. Bc2 Be5 44. Be4 g5 45. Kg2 Bf4 46. Rf5+ Ke6 47. Rc5 Rc7 48. Rxc7 Bxc7 $17 {[%emt 0:00:00] KB-KB} 49. a6 Kf6 50. f3 Bb6 51. Bc6 Ke7 52. Be4 Kf7 53. Bd5+ Kg6 54. Be6 Kf6 55. Bc8 Ke5 56. Bd7 Be3 57. Be8 h4 58. Bd7 Bf4 59. Bg4 Kd6 60. Bc8 Kc7 61. Bb7 Bc1 62. Be4 Kd6 63. Bb7 Ke5 64. Bc8 Bf4 (64... Bb2 $17) 65. Bd7 (65. Bg4 $11) 65... Kd5 66. Bc8 {[%emt 0:00:00] Black is slightly better.} Kc5 67. Bb7 Kb6 68. Bc8 Bd6 {[%emt 0:00:00] Weighted Error Value: White=0.09 (flawless) /Black=0.09 (flawless)} 1/2-1/2

[Event "Bangabandhu Premier Div League 2022"]
[Site "Dhaka"]
[Date "2022.12.10"]
[Round "11.3"]
[White "Iniyan, P."]
[Black "Rakhmanov, Aleksandr"]
[Result "1/2-1/2"]
[ECO "D31"]
[WhiteElo "2534"]
[BlackElo "2630"]
[Annotator "TA"]
[PlyCount "140"]
[EventDate "2022.11.30"]
[EventType "team-tourn"]
[EventCountry "BAN"]
[SourceTitle "playchess.com"]
[Source "ChessBase"]
[SourceQuality "1"]
[TimeControl "40/5400+30:1800+30"]

1. d4 d5 2. c4 e6 3. Nc3 a6 4. cxd5 exd5 5. Nf3 h6 6. Bf4 {[%emt 0:00:15] D31: Queen's Gambit Declined: Semi-Slav without ...Nf6 (+ Marshall Gambit and Noteboom) and Exchange Variation lines without ...Nf6.} Nf6 7. e3 Bd6 8. Be5 {[%emt 0:00:27] White has an edge.} c6 9. Bd3 O-O 10. h3 Re8 {[%emt 0:01:39] [#]} 11. Rc1 $146 ({Predecessor:} 11. g4 Bxe5 12. Nxe5 c5 13. Nf3 cxd4 14. Nxd4 Nc6 15. Qa4 Bd7 16. Nxc6 bxc6 17. Qf4 {0-1 (86) Piorun,K (2640)-Grandelius,N (2663) Chess.com INT 2022}) 11... Bxe5 12. Nxe5 c5 13. Bb1 Qd6 14. O-O cxd4 15. exd4 Nc6 16. Nxc6 Qxc6 17. Re1 {[%emt 0:00:14][%cal Oc3e4] Ne4! is the strong threat.} Rxe1+ 18. Qxe1 {[%emt 0:00:07][%cal Oc3e4] next Ne4! is good for White.} Bd7 {[%emt 0:04:01] [#]} 19. Ne4 $1 Qb6 20. Nxf6+ Qxf6 21. Qe5 Qe6 (21... Qxe5 {simplifies} 22. dxe5 Bc6 23. f4 g5) 22. a3 (22. Rc7 {looks sharper.} Rc8 23. Rxc8+ Bxc8 24. g4) 22... Re8 23. Qxe6 Rxe6 $11 {[%emt 0:00:58][%mdl 4096] Endgame KRB-KRB} (23... Bxe6 {simplifies} 24. g4 Bd7 25. Bd3 Rc8) 24. Bf5 Rc6 25. Rxc6 (25. Bxd7 $2 {is the wrong capture.} Rxc1+ 26. Kh2 Rc2 $19) 25... Bxc6 {[%emt 0:00:03] KB-KB} 26. Kh2 Kf8 27. Kg3 Ke7 28. Kf4 Kf6 29. Bc8 a5 30. h4 b6 31. g3 Ba4 32. Bb7 Bb3 33. Bc6 Bc4 34. Bd7 Bb3 35. Bb5 g5+ 36. Kg4 Bd1+ 37. f3 gxh4 38. gxh4 Bc2 39. Bd7 Bd1 40. Kf4 Bc2 41. Bb5 Bf5 42. Bc6 Be6 43. Bb7 Ke7 $1 44. Ke5 f6+ 45. Kf4 Kf7 46. Bc6 Ke7 47. Bb5 Kd6 48. Ba4 Ke7 49. Bc2 Kd6 50. Bf5 {[%emt 0:00:15] [#] Black must now prevent Bxe6.} Bf7 51. Kg4 Ke7 52. Bc2 Ke6 53. Bh7 Ke7 54. Kf5 Bh5 55. Kf4 Bf7 {[%emt 0:00:12] Against Bg8} 56. Kg4 Kd6 57. Bd3 (57. Kf5 $5 Ke7 $8 58. Kg4 $11) 57... Ke6 58. Ba6 {[%emt 0:00:09] Strongly threatening Bc8+.} f5+ 59. Kf4 Kf6 60. Bc8 Be6 61. Bb7 Bf7 62. Bc6 Be6 63. Be8 Bg8 64. Bd7 Be6 65. Be8 Bg8 66. Ke3 Bf7 67. Bxf7 Kxf7 {[%emt 0:00:00] The position is equal.} 68. h5 Kf6 69. f4 b5 70. b4 a4 {[%emt 0:08:36] An interesting draw.   Weighted Error Value: White=0.01 (flawless) /Black=0.01 (flawless)} 1/2-1/2

[Event "Bangabandhu Premier Div League 2022"]
[Site "Dhaka"]
[Date "2022.12.10"]
[Round "11.3"]
[White "Sankalan Shah"]
[Black "Harsha Bharathakoti"]
[Result "1/2-1/2"]
[ECO "D31"]
[WhiteElo "2218"]
[BlackElo "2582"]
[Annotator "TA"]
[PlyCount "60"]
[EventDate "2022.12.01"]
[EventCountry "BAN"]
[SourceTitle "playchess.com"]
[Source "ChessBase"]
[SourceQuality "1"]
[TimeControl "40/5400+30:1800+30"]

1. d4 d5 2. c4 e6 3. Nc3 a6 4. cxd5 exd5 5. Nf3 h6 6. Bf4 {[%emt 0:00:00] D31: Queen's Gambit Declined: Semi-Slav without ...Nf6 (+ Marshall Gambit and Noteboom) and Exchange Variation lines without ...Nf6.} Nf6 7. e3 Bd6 8. Ne5 {[%emt 0:03:30] White has an edge.} O-O 9. Bd3 Re8 10. Bg3 c5 11. O-O {[%emt 0:00:30] [#]} b5 $146 (11... cxd4 {simplifies} 12. exd4 Nc6 13. Nxc6 bxc6 14. Bxd6 Qxd6 15. Na4 a5) ({Predecessor:} 11... cxd4 12. exd4 Nc6 13. Nxc6 bxc6 14. Qd2 Bxg3 15. hxg3 Qd6 16. Rfe1 Rxe1+ 17. Rxe1 a5 {½-½ (108) Sargissian,G (2689)-Wang,Y (2684) Chess.com INT 2019}) 12. Qf3 Bb7 13. Bc2 Qe7 (13... cxd4 $5 14. exd4 Nc6 15. Nxc6 Bxc6 $11) 14. Qf5 (14. Bh4 {simplifies} Bxe5 15. dxe5 Qxe5 16. Bxf6 Qxf6 17. Qxf6 gxf6 18. Rad1) 14... b4 $1 15. Na4 $36 {[%emt 0:00:00][%mdl 2048] Ng4 is the strong threat. White has the initiative.} cxd4 16. exd4 {[%emt 0:02:00] [#] Hoping for Nb6.} Nc6 17. Nf3 Bc8 18. Qd3 Bxg3 19. hxg3 Qa7 {Prevents Nb6.} 20. Nc5 Ne4 21. Ba4 Bb7 (21... Qb6 $142) 22. Rac1 $16 {[%emt 0:00:00] [#] And now Nxb7 would win.} Rac8 23. Rfe1 {White is more active.} f5 (23... Red8 $16 {was called for.} 24. Nxe4 dxe4 25. Rxe4 Nxd4 26. Rxc8 Nxf3+ 27. gxf3 Rxc8) 24. Re2 Red8 25. Rec2 {[%emt 0:02:00] aiming for Nxb7.} Ne7 26. Ne5 Nxc5 27. Rxc5 ({Don't do} 27. dxc5 $6 Bc6 $18) 27... Rxc5 28. Rxc5 {[%emt 0:00:00] Threatens to win with Rc7.} Rc8 {[%emt 0:02:30] Against Rc7} 29. Qc2 {[%emt 0:00:00] Black must now prevent Bd7.} Rxc5 30. dxc5 {[%emt 0:00:08] Strongly threatening Bd7.} Bc8 {[%emt 0:00:00] Inhibits Bd7.   Weighted Error Value: White=0.12 (very precise) /Black=0.19 (very precise)} 1/2-1/2

[Event "Bangabandhu Premier Div League 2022"]
[Site "Dhaka"]
[Date "2022.12.10"]
[Round "11.4"]
[White "Zia, Tahsin Tajwar"]
[Black "Reefat, Bin-Sattar"]
[Result "1-0"]
[ECO "D11"]
[WhiteElo "2241"]
[BlackElo "2367"]
[Annotator "TA"]
[PlyCount "73"]
[EventDate "2022.11.30"]
[EventType "team-tourn"]
[EventCountry "BAN"]
[SourceTitle "playchess.com"]
[Source "ChessBase"]
[SourceQuality "1"]
[TimeControl "40/5400+30:1800+30"]

1. d4 d5 2. c4 c6 3. Nf3 Nf6 4. g3 dxc4 5. Bg2 Nbd7 6. a4 {[%emt 0:02:35][%mdl 1024] White has compensation. D11: Slav Defence: 3 Nf3 sidelines and 3...Nf6 4 e3 Bg4.} a5 7. O-O Nb6 8. Qc2 {[%emt 0:05:35] The position is equal.} g6 9. e4 {[%emt 0:01:23] Against Bf5} Bg7 10. Na3 O-O 11. Rd1 h6 12. h3 Be6 13. Ne5 {[%emt 0:04:07] [#]} Nfd7 $146 ({Predecessor:} 13... Ne8 14. f4 Qd6 15. Be3 Qb4 16. g4 Nd6 17. f5 gxf5 18. gxf5 Bc8 19. Qc1 Nxa4 20. Bxh6 Nxb2 21. Bxg7 Kxg7 {1-0 (29) Cori,J (2658)-Rambaldi,F (2565) New York 2018}) 14. Nexc4 (14. Ng4 $5 ) 14... f5 {[%emt 0:00:10] [#]} (14... Nxc4 $14 15. Nxc4 Nb6) 15. d5 $1 $16 cxd5 16. exd5 Bf7 17. Be3 Nxc4 18. Nxc4 Rc8 19. Qb3 g5 20. f4 {[%emt 0:07:35] White is more active.} (20. Nb6 $16) 20... Nc5 $14 21. Qc2 Bh5 22. Rd2 Bg6 23. Qd1 (23. fxg5 $16 hxg5 24. d6 (24. Bxg5 Ne4 $11)) 23... Ne4 $11 24. Bxe4 fxe4 25. Nb6 gxf4 26. gxf4 {[%emt 0:00:14] [#] Hoping for Rg2.} Bf5 $2 27. Nxc8 $18 Qxc8 28. Rc1 Qe8 (28... Qd7 $142 29. Rg2 Bxh3) 29. Kh2 Bd7 (29... Rf6 $142 30. Rc7 Rd6 31. Rxb7 Qf8) 30. Rg2 Kh7 31. Bd4 Bf6 32. Bxf6 Rxf6 33. Qd4 Bxh3 34. Qxe4+ (34. Kxh3 {gets mated.} Qh5+ 35. Kg3 Rg6+ 36. Kf2 Qf3+ 37. Ke1 Rxg2) 34... Bf5 35. Qe2 {[%emt 0:00:29] Rc7 is the strong threat.} Qd7 {[%emt 0:02:21] Prevents Rc7.} 36. Re1 (36. Qe5 $142 {Threatening mate with Rc7.} Qd6 37. Rc7) 36... Rf7 $2 (36... Qxd5 37. Qxe7+ Rf7) 37. Qe5 $2 {[%emt 0:00:56] Weighted Error Value: White=0.38/Black=0.38} (37. Qh5 Rf6 38. Rge2) 1-0

[Event "Bangabandhu Premier Div League 2022"]
[Site "Dhaka"]
[Date "2022.12.10"]
[Round "11.4"]
[White "Mehdi Hasan Parag"]
[Black "Jamal Uddin"]
[Result "1-0"]
[ECO "B12"]
[WhiteElo "2185"]
[BlackElo "2092"]
[Annotator "TA"]
[PlyCount "121"]
[EventDate "2022.12.01"]
[EventCountry "BAN"]
[SourceTitle "playchess.com"]
[Source "ChessBase"]
[SourceQuality "1"]
[TimeControl "40/5400+30:1800+30"]

1. e4 c6 2. d4 d5 3. e5 Bf5 4. Nf3 e6 5. Be2 c5 6. Be3 Qb6 7. Nc3 Nc6 (7... Qxb2 8. Nb5 $16) 8. O-O {[%emt 0:00:22] B12: Caro-Kann: Advance Variation.} a6 (8... Qxb2 $11 {keeps the balance.} 9. Nb5 Rc8) 9. Na4 $16 Qc7 10. Nxc5 ({Better is} 10. dxc5 $16 Rd8 11. c3) 10... Bxc5 $14 11. dxc5 Nge7 {[%emt 0:02:00][%cal Bg8e7,Be7g6,Bg6f4,Bf4d3][%mdl 32] [#]} 12. c3 $146 ({Predecessor:} 12. c4 Rd8 13. cxd5 Nxd5 14. Bg5 Rd7 15. Qa4 O-O 16. a3 Rc8 17. Rfd1 h6 18. Bh4 {½-½ (43) Shlegin,S (2344)-Lysenkov,A (2013) Saratov 2012}) 12... O-O 13. Bd4 Ng6 {[%emt 0:00:30] Against Nh4} 14. Bd3 Bg4 15. Re1 Ncxe5 16. Rxe5 (16. Bxe5 $14 Nxe5 17. Rxe5 Bxf3 18. Qe1) 16... Bxf3 $11 17. Qe1 {[%emt 0:00:00] Hoping for Bxg6.} Nf4 (17... Nxe5 18. Bxe5 Qxc5 19. gxf3 $16) 18. Qe3 Nxd3 19. Qxd3 Be4 20. Qg3 Rae8 21. f3 f6 22. b4 fxe5 23. Bxe5 Qd7 {[%emt 0:00:00] White must now prevent ...Bd3.} 24. fxe4 dxe4 25. Re1 Rf5 26. h4 g6 27. Bd6 (27. Rxe4 $142 Qd5 28. Re2) 27... Qb5 (27... Qa4 $142 28. Re2 a5) 28. Rxe4 $17 Qf1+ 29. Kh2 Qf2 30. a4 {[%emt 0:00:00] [#]} Qxg3+ $1 31. Kxg3 {[%emt 0:00:00][%mdl 4096] Endgame KRR-KRB} Rd5 ({Black should try} 31... e5 $17 32. Kh2 h5) 32. Rd4 Kf7 33. b5 $1 axb5 34. axb5 {[%emt 0:00:00] Strongly threatening b6.} Ra8 35. Rf4+ Rf5 $2 {[%emt 0:00:00][%mdl 8192] [#] Black is now going downhill.} (35... Kg8 $11 {and Black is okay.}) 36. c6 $1 $18 bxc6 $2 (36... Rxf4 $2 37. cxb7 Rfa4 38. bxa8=B Rxa8 39. b6 $18) (36... b6 37. c4 Rxf4 38. Bxf4 (38. Kxf4 Ra4 $11) 38... e5) 37. b6 e5 38. Rxf5+ gxf5 {[%emt 0:00:00] KR-KB} 39. b7 Rg8+ 40. Kf3 Ke6 41. b8=Q ({Stronger than} 41. b8=B e4+ 42. Kf2 Kd5 $11) 41... Rxb8 42. Bxb8 {[%emt 0:00:00] KB-KP} h5 43. Ke3 Kd5 44. g3 e4 45. Ba7 c5 46. Bb8 Kc4 47. Be5 Kb3 48. Kd2 Kb2 49. Bd6 c4 50. Be5 Kb1 51. Ke3 Kc2 52. Bd4 Kd1 53. Kf4 Kd2 54. g4 fxg4 55. Kxe4 {[%emt 0:00:00] KB-K3P} Ke2 56. Kf4 Kf1 57. Kg5 g3 58. Kxh5 g2 59. Kg4 g1=Q+ 60. Bxg1 Kxg1 61. Kf3 {[%emt 0:00:00] Weighted Error Value: White=0.17 (very precise) /Black=0.31} 1-0

[Event "Bangabandhu Premier Div League 2022"]
[Site "Dhaka"]
[Date "2022.12.10"]
[Round "11.5"]
[White "Mohammed Abdul, Malek"]
[Black "Hossain, Enamul"]
[Result "0-1"]
[ECO "D79"]
[WhiteElo "2152"]
[BlackElo "2392"]
[Annotator "TA"]
[PlyCount "124"]
[EventDate "2022.12.01"]
[EventCountry "BAN"]
[SourceTitle "playchess.com"]
[Source "ChessBase"]
[SourceQuality "1"]
[TimeControl "40/5400+30:1800+30"]

1. d4 Nf6 2. g3 d5 3. Bg2 g6 4. Nf3 Bg7 5. O-O O-O 6. c4 c6 7. cxd5 cxd5 8. Nc3 Nc6 {[%emt 0:01:30] 8...Ne4 is the fancy move.} 9. Bf4 Ne4 10. h3 {[%emt 0:00:30] D79: Fianchetto Grünfeld: Symmetrical Variation (6 0-0 c6 7 cxd5 cxd5).} Bf5 11. Rc1 Rc8 12. e3 {[%emt 0:00:30] [#] The position is equal.} Qd7 $146 ({Predecessor:} 12... Nxc3 13. Rxc3 Qd7 14. g4 Be4 15. Qa4 e5 16. dxe5 Nxe5 17. Qxd7 Nxd7 18. Rb3 Nc5 {0-1 (38) Aksoy,A (1778)-Gajcin,M (2017) Batumi 2014}) 13. Kh2 Nxc3 14. Rxc3 f6 15. g4 {[%emt 0:00:00] Against g5} Be4 16. Bg3 e6 17. Qa4 Rcd8 18. Qa3 {[%emt 0:00:30] [#]} (18. Nd2 $11 Bxg2 19. Kxg2) 18... e5 ({Better is} 18... f5 $1 $17 {[%cal Rf5g4] And now ...fxg4 would win.} 19. gxf5 Rxf5) 19. Rd1 f5 20. Nxe5 (20. Bxe5 $2 fxg4 21. Bxg7 Kxg7 $19) 20... Nxe5 21. dxe5 Bxg2 22. Kxg2 fxg4 23. hxg4 {[%emt 0:00:00][%mdl 8192] This move loses the game for White.} (23. Qb4 $15 gxh3+ 24. Kh2) 23... Qxg4 $19 24. Rcd3 Bxe5 {[%emt 0:00:30][%cal Of8f2] ( -> ...Rxf2+!)} 25. f4 Bf6 {[%emt 0:00:30] White must now prevent ...Bh4. Chess con chili.} (25... Bd6 26. Qb3 Qe2+ 27. Kh3 Qh5+ 28. Kg2 Qe2+ 29. Kh3 Qh5+ 30. Kg2 Qe2+ $11) 26. Qa5 d4 {[%emt 0:00:30] Strongly threatening ...h5.} (26... Bxb2 27. Rxd5 Rde8 28. R5d3 $17) (26... Bh4 $2 27. Qe1 $19) 27. Qe1 dxe3 28. Qxe3 Rde8 (28... Qxd1 29. Rxd1 Rxd1 30. Qb3+ (30. Qxa7 $2 Rd2+ 31. Kf3 Rd3+ 32. Kg2 Rd2+ 33. Kf3 Rxb2 $19) 30... Rf7 31. Qxd1 $18) 29. Qf3 Re2+ 30. Kf1 Qxf3+ 31. Rxf3 Rxb2 32. Rd7 (32. Rf2 $142) 32... Rf7 (32... Rxa2 $2 {is the wrong capture.} 33. Rxb7 a5 34. f5 $19) 33. Rfd3 Rxa2 {[%emt 0:00:00] aiming for ...b5.} 34. Rxf7 Kxf7 {[%emt 0:00:00][%mdl 4096] Endgame KRB-KRB} ({Wrong is} 34... Ra1+ $2 35. Ke2 Kxf7 36. Rd7+ Ke6 37. Rxh7 $19) 35. Rd7+ Ke6 36. Rxb7 h5 {[%emt 0:00:00] Hoping for ...a5.} 37. Rb5 (37. Be1 $142) 37... a6 38. f5+ gxf5 39. Rb6+ Kf7 40. Rb7+ Kg6 41. Rb6 {[%emt 0:27:16] Inhibits h4.} Kg5 {[%emt 0:01:55] Inhibits Bh4+.} 42. Rb4 f4 43. Bxf4+ Kf5 44. Bc7 h4 45. Kg1 Bg5 46. Kh1 Ke6 47. Rg4 Be7 48. Re4+ Kd7 49. Bb6 a5 50. Bxa5 {[%emt 0:00:00] [#]} (50. Re5 $19 a4 51. Bc5) 50... Rxa5 {[%emt 0:00:00] KRB-KR. Black mates.} 51. Re1 Ra2 52. Rd1+ Bd6 53. Rd4 h3 54. Rd1 Ke6 55. Rc1 Kf5 56. Rd1 Bf4 57. Rb1 Rh2+ 58. Kg1 Kg4 59. Ra1 Re2 60. Kh1 Be3 61. Rf1 Bf2 ({Weaker is} 61... Kg3 62. Rf3+ Kg4 63. Rg3+ Kf4 64. Rf3+ Kg5 65. Rg3+ Kf5 66. Rxh3 $15) 62. Kh2 Kh4 {[%emt 0:00:30] Weighted Error Value: White=0.41/Black=0.17 (very precise)} 0-1

[Event "Bangabandhu Premier Div League 2022"]
[Site "Dhaka"]
[Date "2022.12.10"]
[Round "11.5"]
[White "Mohammad, Shameem"]
[Black "Hrishin, Talukder"]
[Result "1-0"]
[ECO "E18"]
[WhiteElo "1892"]
[BlackElo "1673"]
[Annotator "NA RC COMBH"]
[PlyCount "69"]
[EventDate "2022.11.30"]
[EventType "team-tourn"]
[EventCountry "BAN"]
[SourceTitle "playchess.com"]
[Source "ChessBase"]
[SourceQuality "1"]
[TimeControl "40/5400+30:1800+30"]

1. d4 Nf6 2. Nf3 b6 3. g3 Bb7 4. Bg2 e6 5. c4 Bb4+ 6. Bd2 Be7 7. Nc3 O-O 8. O-O c5 9. dxc5 bxc5 10. Bf4 d5 11. Ne5 Nbd7 12. Nxd7 Qxd7 13. Qb3 Rad8 14. Rfd1 Qc6 15. Rd2 Ne4 16. Nxe4 dxe4 17. Rad1 f6 18. Rxd8 Rxd8 19. Rxd8+ Bxd8 $14 20. Be3 Bb6 21. Qc2 a5 22. b3 Bc7 23. Bd2 Qd7 24. Bc3 Qc6 25. f3 exf3 26. Bxf3 Qb6 27. Bxa5 Qxa5 28. Bxb7 Be5 29. Kf2 f5 30. a4 Qc7 31. Bf3 f4 32. g4 Bd4+ 33. Kg2 g6 34. Qe4 e5 35. Qa8+ 1-0

[Event "Bangabandhu Premier Div League 2022"]
[Site "Dhaka"]
[Date "2022.12.10"]
[Round "11.6"]
[White "Mohammad Fahad, Rahman"]
[Black "Muthaiah AL"]
[Result "1/2-1/2"]
[ECO "D36"]
[WhiteElo "2380"]
[BlackElo "2454"]
[Annotator "TA"]
[PlyCount "39"]
[EventDate "2022.12.01"]
[EventCountry "BAN"]
[SourceTitle "playchess.com"]
[Source "ChessBase"]
[SourceQuality "1"]
[TimeControl "40/5400+30:1800+30"]

1. d4 Nf6 2. c4 e6 3. Nc3 d5 4. cxd5 exd5 5. Bg5 c6 6. e3 Be7 7. Bd3 O-O 8. Qc2 h6 9. Bh4 Nh5 {[%emt 0:00:00] D36: Queen's Gambit Declined: Exchange Variation: Main line (5 Bg5 c6 6 Qc2).} 10. Bxe7 Qxe7 11. Nge2 Re8 {[%emt 0:00:00] The position is equal.} 12. O-O Nf6 {[%emt 0:00:00] [#]} 13. Rab1 $146 ({Predecessor:} 13. Ng3 Be6 14. Rab1 Nbd7 15. b4 a6 16. Na4 b5 17. Nc5 Nxc5 18. bxc5 Bd7 19. Bf5 {1-0 (47) Hjartarson,J (2470)-Mihailidis,A (2235) Chess.com INT 2022}) 13... Be6 14. Nf4 Nbd7 15. b4 a6 16. Na4 Rec8 17. Nc3 {[%emt 0:00:00] White has more active pieces.} Re8 18. Na4 Rec8 19. Nc3 Re8 20. Na4 {[%emt 0:00:00] Weighted Error Value: White=0.19 (very precise) /Black=0.07 (flawless)} 1/2-1/2